 Dungeon Crawl Stone Soup version 0.29-a0-221-gceb61267dd (webtiles) character file.

Game seed: 14278397198502340476

68480 wakim the Bludgeoner (level 14, -2/129 HPs)
             Began as a Palentonga Fighter on Feb 26, 2022.
             Was an Initiate of Yredelemnul.
             Slain by a sixfirhy (9 damage)
             ... summoned by an orc high priest
             ... on level 2 of the Orcish Mines.
             The game lasted 01:30:31 (28096 turns).

wakim the Bludgeoner (Palentonga Fighter)          Turns: 28096, Time: 01:30:32

Health: -2/129     AC: 24    Str: 24    XL:     14   Next: 86%
Magic:  21/21      EV:  7    Int:  8    God:    Yredelemnul [......]
Gold:   2024       SH:  0    Dex: 11    Spells: 13/13 levels left

rFire   + . .      SeeInvis +   a - +3 morningstar (freeze)
rCold   . . .      Faith    .   W - +0 kite shield
rNeg    + . .      Spirit   .   h - +4 scale mail {rF+}
rPois   .          Reflect  .   Y - +0 helmet
rElec   .          Harm     .   t - +0 cloak
rCorr   .          Rampage  .   k - +2 pair of gloves
Will    ++...                   (no barding)
Stlth   ..........              f - amulet of regeneration
HPRegen 1.11/turn               c - ring of positive energy
MPRegen 0.17/turn               Z - ring of willpower

@: confused, ambrosia-drunk, spiked, curled up
A: large, rugged brown scales 3, see invisible, deformed body, roll 1, armoured
tail, reflexive curl
a: Rolling Charge, Renounce Religion, Recall Undead Harvest


You were on level 2 of the Orcish Mines.
You worshipped Yredelemnul.
Yredelemnul was aware of your devotion.
You visited 4 branches of the dungeon, and saw 21 of its levels.
You also visited: Volcano.

You collected 2283 gold pieces.
You spent 259 gold pieces at shops.

Inventory:

Hand Weapons
 a - a +3 morningstar of freezing (weapon)
 b - a +2 whip of venom
Missiles
 e - 4 silver boomerangs
 g - 13 curare-tipped darts {=f}
 n - 26 boomerangs
 p - 2 throwing nets {=f!f}
 S - 10 poisoned darts
Armour
 d - a +3 plate armour
 h - a +4 scale mail of fire resistance (worn)
 k - a +2 pair of gloves (worn)
 m - the +0 chain mail "Wimeipn" {Drain rElec Will+}
   (You found it on level 11 of the Dungeon)

   rElec:     It insulates you from electricity.
   Drain:     It drains your maximum health when unequipped.
   Will:      It increases your willpower.
 t - a +0 cloak (worn)
 P - a +2 chain mail of poison resistance
 W - a +0 kite shield (worn)
 Y - a +0 helmet (worn)
Jewellery
 c - a ring of positive energy (left hand)
 f - an amulet of regeneration (around neck)
 i - a ring of fire
 j - an amulet of reflection
 l - a ring of ice
 q - a ring of ice
 r - a ring of resist corrosion
 s - a ring of fire
 Z - a ring of willpower (right hand)
Wands
 o - a wand of charming (10)
 u - a wand of mindburst (10)
 v - a wand of flame (37)
 w - a wand of acid (13)
 x - a wand of iceblast (3)
 y - a wand of paralysis (13)
 z - a wand of polymorph (5)
Scrolls
 I - 2 scrolls of brand weapon
 O - 5 scrolls of enchant armour
 Q - 2 scrolls of immolation {!r!r}
 R - a scroll of magic mapping {!r}
 T - 2 scrolls of teleportation
 U - a scroll of fear
 V - 2 scrolls of vulnerability {!r!r}
 X - 4 scrolls of fog
Potions
 A - 6 potions of ambrosia
 B - 5 potions of attraction {!q}
 C - a potion of berserk rage {!q}
 D - a potion of brilliance
 E - a potion of cancellation
 F - 3 potions of curing
 G - 5 potions of flight
 H - 2 potions of haste
 J - 3 potions of heal wounds
 K - a potion of magic
 L - 2 potions of lignification {!q}
 M - 3 potions of mutation {!q}
 N - 3 potions of might


   Skills:
 + Level 14.5 Fighting
 - Level 16.0 Maces & Flails
 + Level 5.3 Armour
 - Level 10.0 Shields
 + Level 9.9 Invocations
 * Level 4.6 Evocations


You had 13 spell levels left.
You didn't know any spells.
Your spell library contained the following spells:

 Spells                   Type           Power      Damage    Failure   Level
 Animate Skeleton         Necr           0%         N/A       88%         1
 Apportation              Tloc           0%         N/A       88%         1
 Foxfire                  Conj/Fire      0%         2x1d4     88%         1
 Magic Dart               Conj           0%         1d3       88%         1
 Pain                     Necr           0%         1d4       88%         1
 Summon Small Mammal      Summ           0%         N/A       88%         1
 Ensorcelled Hibernation  Hex/Ice        0%         N/A       95%         2
 Passwall                 Tmut/Erth      0%         N/A       95%         2
 Searing Ray              Conj           0%         2d4       95%         2
 Call Canine Familiar     Summ           0%         N/A       99%         3
 Conjure Flame            Conj/Fire      0%         6-21      99%         3
 Dazzling Flash           Conj/Hex       0%         N/A       99%         3
 Inner Flame              Hex/Fire       0%         N/A       99%         3
 Portal Projectile        Hex/Tloc       0%         N/A       99%         3
 Summon Guardian Golem    Hex/Summ       0%         N/A       99%         3
 Swiftness                Air            0%         N/A       99%         3
 Tukima's Dance           Hex            0%         N/A       99%         3
 Anguish                  Hex/Necr       0%         N/A       100%        4
 Animate Dead             Necr           0%         N/A       100%        4
 Cause Fear               Hex            0%         N/A       100%        4
 Flame Wave               Conj/Fire      0%         2d4       100%        4
 Fulminant Prism          Conj/Hex       0%         3d6       100%        4
 Iskenderun's Mystic Bla  Conj/Tloc      0%         2d3       100%        4
 Leda's Liquefaction      Hex/Erth       0%         N/A       100%        4
 Agony                    Necr           0%         N/A       100%        5
 Alistair's Intoxication  Tmut/Pois      0%         N/A       100%        5
 Excruciating Wounds      Necr           0%         N/A       100%        5
 Simulacrum               Ice/Necr       0%         N/A       100%        6
 Starburst                Conj/Fire      0%         6d3       100%        6
 Dragon Form              Tmut           0%         N/A       100%        7
 Enfeeble                 Hex            0%         N/A       100%        7
 Dragon's Call            Summ           0%         N/A       100%        9


Dungeon Overview and Level Annotations

Branches:
Dungeon (12/15)            Temple (1/1) D:7            Lair (6/6) D:9
 Shoals (0/4) Lair:4        Snake (0/4) Lair:4        Slime (0/5) Lair:5
    Orc (2/2) D:12            Elf (0/3) Orc:2       Volcano (visited)

Altars:
Cheibriados
Elyvilon
Fedhas
Gozag
Hepliaklqana
Kikubaaqudgha
Makhleb
Trog
Uskayaw
Vehumet
Wu Jian
Xom
Yredelemnul
Zin

Shops:
D:6 :   D:7 *   D:12 =


Innate Abilities, Weirdness & Mutations

You are completely covered in rugged brown scales. (AC +3, +7% HP)
You have supernaturally acute eyesight. (SInv)
Armour fits poorly on your strangely shaped body.
You can roll at nearby foes to attack.
You have a long armoured tail.
You curl defensively after being hit. (AC +7*)


Message History

* * * LOW HITPOINT WARNING * * *
The orc warrior closely misses your bog body.
The orc knight roars a battlecry! 23/129 (-12)
The hellwing completely misses you. The hellwing hits you.
* * * LOW HITPOINT WARNING * * *
Your bog body completely misses the sixfirhy.
An orc warrior comes into view. It is wielding a +0 dire flail.
An orc high priest comes into view. It is wielding a +0 war axe.
An orc priest comes into view. It is wielding a +0 flail.
The orc knight hits you from afar with a +0 bardiche!
* * * LOW HITPOINT WARNING * * *
12/129 (-11)
The sixfirhy completely misses your bog body.
The sixfirhy hits your bog body. The sixfirhy shocks your bog body!
The sixfirhy hits your bog body! The sixfirhy shocks your bog body!
Your bog body touches the orc warrior but does no damage.
The hellwing hits you!
* * * LOW HITPOINT WARNING * * *
The hellwing barely misses you. The sixfirhy hits your bog body!
Your bog body is destroyed!
Your bog body's corpse disappears in a puff of smoke!
The orc warrior throws a boomerang.
The boomerang hits you but does no damage.
An orc high priest comes into view. It is wielding a +0 scimitar.
The orc knight roars a battlecry!
The orc high priest goes into a battle-frenzy! 6/129 (-6) Are you sure you want to stumble around while confused and next to your orc warrior zombie?
Okay, then.
You are too confused!
Unknown command.
The orc priest no longer looks unusually strong.
The orc high priest no longer looks unusually strong.
The sixfirhy hits you but does no damage. x2
The sixfirhy hits you.
* * * LOW HITPOINT WARNING * * *
The sixfirhy shocks you!
You die...
Your body rises from the dead as a mindless zombie.

.......).....###...#ZZ..
....#...#....##.........
#...........###.......#Z
#...#..)#...# ##.#......
##.........## ###.......
#..#...#..# #....#..Z.
##...))..## #...#.....
###.#4### #..##.....
#..Z@.# #...#.....
##z#3## #......... ###
..§)oo #......... ##.#
#..#.oo#o #.........
#..# #.........
#......... ###.#
#...#..o# .. #.........
####.#.# #......o. ..#
#........) #......#
...#..o# .. #........)
.......# #.........


You could see an orc knight, 2 orc high priests, a hellwing (summoned), a
sixfirhy (summoned), 2 orc warriors, 3 orc priests, a friendly skeletal warrior
(summoned) and a friendly orc warrior zombie.

Vanquished Creatures
  Harold (D:8)
  An ice dragon (Lair:6)
  Erolcha (D:10)
  5 hydras
  3 boulder beetles
  A catoblepas (Lair:4)
  A death yak (Lair:6)
  4 two-headed ogres
  A dancing weapon (D:9)
  An orc high priest (Orc:2)
  Sonja (Orc:1)
  The ghost of Protee the Covert, a journeyman KoEn of Uskayaw (D:9)
  A sun demon (Volcano)
  2 lindwurms
  A deep elf pyromancer (D:12)
  2 orc knights (Orc:2)
  Pikel (D:6)
  An orc sorcerer (Orc:1)
  An ugly thing (Volcano)
  2 centaur zombies (D:11)
  3 black mambas
  7 elephants
  6 torpor snails (Lair:6)
  A gargoyle (D:12)
  9 cane toads
  Psyche (D:11)
  7 komodo dragons
  A queen bee (Lair:4)
  4 polar bears
  2 meliai (Lair:4)
  2 trolls
  5 hornets
  7 slime creatures
  A tyrant leech (Lair:6)
  6 dream sheep (Lair:6)
  13 blink frogs
  A centaur simulacrum (D:11)
  2 shadows
  2 wraiths (D:11)
  A vampire (D:12)
  3 wyverns
  20 yaks
  Sigmund (D:2)
  2 steam dragons
  Grum (Lair:1)
  5 basilisks
  A vampire mosquito (D:12)
  4 wargs
  An acid dragon (D:11)
  Edmund (D:6)
  13 water moccasins
  2 hell hounds (Volcano)
  12 orc warriors
  2 ice beasts (D:7)
  5 black bears
  A sky beast (D:6)
  10 ogres
  6 wolves
  A necrophage (D:5)
  9 centaurs
  A phantom (D:6)
  A lemure (D:6)
  9 bullfrogs
  4 gnoll sergeants
  4 scorpions
  14 killer bees
  18 wights
  An electric eel (D:7)
  5 howler monkeys
  3 crimson imps (D:12)
  6 hounds
  4 jellies
  16 orc priests
  Crazy Yiuf (D:6)
  Natasha (thrice) (D:2)
  3 iguanas
  12 orc wizards
  7 hell rats (Lair:2)
  Robin (D:4)
  A howler monkey skeleton (D:11)
  18 gnolls
  11 adders
  A shadow imp (D:5)
  3 white imps
  An ufetubus (D:3)
  A worm (D:1)
  A dart slug (D:4)
  45 orcs
  4 ball pythons
  9 bats
  7 endoplasms
  2 giant cockroaches
  17 goblins
  11 hobgoblins
  3 jackals (D:1)
  5 kobolds
  4 quokkas
  7 rats
477 creatures vanquished.

Vanquished Creatures (collateral kills)
  A hydra (Lair:4)
  A two-headed ogre (D:9)
  A hell knight (Volcano)
  An orc high priest (Orc:2)
  A manticore (D:11)
  2 ugly things (Volcano)
  11 elephants
  A centaur zombie (D:11)
  2 black mambas (Lair:4)
  Maggie (D:8)
  A komodo dragon (Lair:2)
  2 rime drakes (Lair:4)
  3 trolls
  2 hornets (Lair:6)
  A meliai (Lair:4)
  2 blink frogs (Lair:4)
  2 tyrant leeches (Lair:6)
  A dream sheep (Lair:6)
  5 slime creatures
  A shadow (D:12)
  2 wyverns
  3 yaks
  A basilisk (Lair:3)
  A steam dragon (Lair:4)
  3 vampire mosquitoes
  5 water moccasins
  9 orc warriors
  2 black bears (D:9)
  3 ogres
  A necrophage (D:8)
  A wolf (Lair:5)
  2 centaurs (Lair:4)
  3 bullfrogs
  A scorpion (D:9)
  10 killer bees (Lair:4)
  3 crimson imps (D:12)
  10 orc priests
  An iguana (D:7)
  An orc wizard (Orc:1)
  A gnoll (D:12)
  A white imp (D:12)
  26 orcs
132 creatures vanquished.

Vanquished Creatures (others)
  A spectral hydra (Lair:4)
  An ugly thing zombie (Volcano)
  A catoblepas zombie (Lair:4)
  A spectral troll (Orc:2)
  An elephant zombie (Lair:6)
  2 hornet zombies (Lair:6)
  2 blink frog zombies (Lair:4)
  A dream sheep zombie (Lair:6)
  A torpor snail zombie (Lair:6)
  A komodo dragon zombie (Lair:3)
  2 water moccasin zombies
  6 yak zombies
  2 centaur zombies (Lair:4)
  7 killer bee zombies
  A necrophage zombie (D:8)
  2 ogre zombies (Orc:2)
  A human zombie (D:8)
  A hell rat zombie (Lair:2)
  2 howler monkey zombies (D:9)
  2 spectral crimson imps (D:12)
  A spectral jelly (Lair:5)
  A steam dragon zombie (D:8)
  An iguana zombie (D:7)
  A spectral white imp (D:12)
  34 orc zombies
  83 fungi
  131 plants
290 creatures vanquished.

Grand Total: 899 creatures vanquished

Notes
Turn   | Place    | Note
-------+----------+-------------------------------------------
     0 | D:1      | wakim the Palentonga Fighter began the quest for the Orb.
     0 | D:1      | Reached XP level 1. HP: 19/19 MP: 1/1
   371 | D:1      | Reached XP level 2. HP: 21/25 MP: 2/2
   646 | D:1      | Found a faded altar of an unknown god.
  1130 | D:1      | Reached XP level 3. HP: 9/31 MP: 3/3
  1765 | D:2      | Noticed Natasha
  1767 | D:2      | Killed Natasha
  1791 | D:2      | Reached XP level 4. HP: 37/37 MP: 4/4
  1792 | D:2      | Noticed Natasha
  1798 | D:2      | Killed Natasha
  1799 | D:2      | Reached skill level 3 in Maces & Flails
  1852 | D:2      | Noticed Natasha
  1871 | D:2      | Killed Natasha
  2537 | D:2      | Reached XP level 5. HP: 44/44 MP: 5/5
  2747 | D:2      | Noticed Sigmund
  3823 | D:4      | Noticed Robin
  3914 | D:4      | Reached skill level 4 in Maces & Flails
  4176 | D:4      | Reached XP level 6. HP: 48/51 MP: 6/6
  4452 | D:4      | Killed Robin
  4553 | D:4      | Reached skill level 5 in Maces & Flails
  4654 | D:4      | Found an ornate altar of the Wu Jian Council.
  4654 | D:4      | Found a hazy altar of Hepliaklqana.
  4661 | D:4      | Found a faded altar of an unknown god.
  4663 | D:4      | Found a blossoming altar of Fedhas.
  4664 | D:4      | Found a hide-covered altar of Uskayaw.
  4741 | D:5      | Entered Level 5 of the Dungeon
  4808 | D:4      | !bestwep
  5071 | D:5      | !bestwep
  5074 | D:5      | !bestwep
  5222 | D:5      | Found a transporter.
  5237 | D:5      | Found a transporter.
  5287 | D:5      | Gained mutation: You curl defensively after being hit. (AC
                  | +7*) [Palentonga growth]
  5287 | D:5      | Reached XP level 7. HP: 52/58 MP: 7/7
  5294 | D:5      | Reached skill level 5 in Fighting
  5294 | D:5      | Reached skill level 6 in Maces & Flails
  5788 | D:5      | Reached skill level 7 in Maces & Flails
  6085 | D:5      | Got Nuoguwa's Handbook of Twisted Conjuration
  6168 | D:5      | Reached XP level 8. HP: 44/68 MP: 8/8
  6499 | D:5      | !bestwep
  6515 | D:5      | Reached skill level 8 in Maces & Flails
  7172 | D:6      | Noticed Pikel
  7189 | D:6      | Killed Pikel
  7190 | D:6      | Reached skill level 9 in Maces & Flails
  7190 | D:6      | Reached XP level 9. HP: 44/77 MP: 9/9
  7191 | D:6      | !bestwep
  7381 | D:6      | Noticed Edmund
  7391 | D:6      | Killed Edmund
  7404 | D:6      | !bestwep
  7715 | D:6      | !bestwep
  7841 | D:6      | Found a runed translucent door.
  7842 | D:6      | Noticed Crazy Yiuf
  7916 | D:6      | Found Fugrygoi's Book Boutique.
  8235 | D:6      | Killed Crazy Yiuf
  8458 | D:2      | Killed Sigmund
  8459 | D:2      | Reached skill level 5 in Shields
  8709 | D:7      | Found Weddis's Serpentskin Sales.
  8990 | D:7      | Bought a +2 chain mail of poison resistance for 259 gold
                  | pieces
  9027 | D:7      | Found a staircase to the Ecumenical Temple.
  9032 | Temple   | Entered the Ecumenical Temple
  9062 | Temple   | Became a worshipper of Yredelemnul the Dark
  9127 | D:7      | Noticed a two-headed ogre
  9142 | D:7      | Killed a two-headed ogre
  9142 | D:7      | Reached * piety under Yredelemnul
  9398 | D:7      | Identified the +0 cloak "Hyki Ula" {Harm}
  9455 | D:7      | Reached ** piety under Yredelemnul
  9456 | D:7      | Reached skill level 10 in Maces & Flails
  9456 | D:7      | Reached XP level 10. HP: 85/85 MP: 10/10
  9705 | D:7      | !bestwep
  9767 | D:8      | Noticed Maggie
 10994 | D:8      | Killed Maggie
 11309 | D:8      | Noticed Harold
 11327 | D:8      | Your ally Maggie died
 11340 | D:8      | Killed Harold
 11341 | D:8      | Reached skill level 11 in Maces & Flails
 11675 | D:9      | Noticed a two-headed ogre
 11685 | D:9      | Killed a two-headed ogre
 11686 | D:9      | Reached XP level 11. HP: 10/95 MP: 11/11
 12088 | D:9      | Found a runed translucent door.
 12088 | D:9      | Found a shimmering altar of Xom.
 12088 | D:9      | Noticed Protee's ghost (journeyman KoEn)
 12088 | D:9      | Noticed a +0 trident of chaos
 12112 | D:9      | Found a burning altar of Makhleb.
 12113 | D:9      | Found an opulent altar of Gozag.
 12214 | D:9      | Noticed a two-headed ogre
 12229 | D:9      | Killed a two-headed ogre
 12416 | D:9      | Reached skill level 12 in Maces & Flails
 12450 | D:9      | Found a staircase to the Lair.
 12493 | D:9      | Reached *** piety under Yredelemnul
 12679 | D:9      | Reached **** piety under Yredelemnul
 12682 | D:9      | Reached ***** piety under Yredelemnul
 12921 | D:10     | Entered Level 10 of the Dungeon
 14039 | D:10     | Noticed Erolcha
 14052 | D:10     | Killed Erolcha
 14053 | D:10     | Reached skill level 10 in Fighting
 14613 | D:11     | Identified the +2 robe "Oxoschar" {-Tele rElec rPois rN++}
 14784 | D:11     | Noticed a boulder beetle
 14805 | D:11     | Killed a boulder beetle
 14843 | D:11     | Reached skill level 13 in Maces & Flails
 15150 | D:11     | Noticed a boulder beetle
 15163 | D:11     | Killed a boulder beetle
 15542 | D:11     | Reached ****** piety under Yredelemnul
 15621 | D:11     | Noticed Psyche
 15632 | D:11     | Killed Psyche
 15828 | D:11     | Reached XP level 12. HP: 102/105 MP: 10/12
 15843 | D:11     | Identified the +0 chain mail "Wimeipn" {Drain rElec Will+}
 15966 | Lair:1   | Entered Level 1 of the Lair of Beasts
 15977 | Lair:1   | Noticed Grum
 16362 | D:9      | Reached skill level 14 in Maces & Flails
 16716 | Lair:1   | Killed Grum
 17541 | Lair:2   | Reached skill level 1 in Invocations
 18643 | Lair:3   | Noticed an eight-headed hydra
 19389 | Lair:3   | Reached skill level 15 in Maces & Flails
 19575 | Lair:3   | Reached skill level 5 in Invocations
 19754 | Lair:3   | Reached XP level 13. HP: 111/114 MP: 17/17
 19994 | Lair:3   | !bestwep
 20428 | Lair:4   | Found a staircase to the Snake Pit.
 20472 | Lair:4   | Found a staircase to the Shoals.
 20587 | Lair:4   | Reached skill level 16 in Maces & Flails
 20752 | Lair:4   | Found a dark tunnel.
 20802 | Volcano  | Entered a volcano
 22530 | Lair:4   | !bestwep
 22781 | Lair:5   | Found a staircase to the Slime Pits.
 23319 | Lair:6   | Entered Level 6 of the Lair of Beasts
 23494 | Lair:5   | Reached XP level 14. HP: 60/127 MP: 20/20
 24267 | Lair:6   | Found a runed translucent door.
 24631 | Lair:6   | HP: 2/127 [torpor snail (16)]
 25687 | Lair:6   | Reached skill level 10 in Shields
 25962 | D:9      | Killed Protee's ghost
 25978 | D:9      | Reached skill level 1 in Evocations
 26147 | D:12     | Found a staircase to the Orcish Mines.
 26682 | D:12     | Found Sakhlem's Jewellery Shop.
 27130 | Orc:1    | Entered Level 1 of the Orcish Mines
 27171 | Orc:1    | Noticed Sonja
 27189 | Orc:1    | Killed Sonja
 27190 | Orc:1    | Reached skill level 5 in Armour
 27558 | Orc:2    | Entered Level 2 of the Orcish Mines
 27784 | Orc:2    | Found a staircase to the Elven Halls.
 28095 | Orc:2    | HP: 6/129 [hellwing[an orc high priest] (10)]
 28096 | Orc:2    | Slain by a sixfirhy

Illustrated notes ##.##.# ##.####.##......[... ####.##.# #_# #..##.......... ).)#..#.## #####.###.......... ##.).....#### #.##.###.######### ###........####.(#.....# ####.###.##.........##### .....# #..........#.# ########...####...#.# # #..#.##..(@...# # ###.##.........## #####...####.......##### ...!........>..........#### ..###....>..........##....#### ### #.......#.........###)...#### ..###.......#......##............ #.)........##......########...... #####......######### #...... Turn 4808 on D:4: !bestwep #....#.# #....#.# #....#.# #....#.# # #......#.# ####.#<...## #..........#. #......÷...... #..@....##.#.# ##.###### # . #.# #.# #.# . ###)######..oo #...).oo...... #.#.######.... #...# . Turn 5071 on D:5: !bestwep #....#.# #....#.# #....#.# #....#.# # #......#.# ####.#<...## #..........#. #......÷...... #..[@...##.#.# ##.###### # . #.# #.# #.# . ###)######..oo #...).oo...... #.#.######.... #...# . Turn 5074 on D:5: !bestwep .<#...........##### ..####............# #.# ##.........#.# ..# #.........#.# ### #.........#.# #.[.........# #######.....####### ).).))÷.....).))># #######....#####@# #.......# #.# #......######.# #.............# #......######## #......# #......# ####......# ..........# Turn 6499 on D:5: !bestwep ####### ############ #...... #........... #.##### #.#########. ###....> #.# #.###.#.#### #.## .###.....#...# ##..# ####.#......#.#.# #...###.....#.....#.#.# ####.#@§....#......##.# ##.....#§§...#.....###.# #. ##......#......#.###.##.# #. #.#.....#.....###.....#.# #. #.#......#.###.#......#.. #.##.#.....###.....#.....#.# #.#...#.###.#......#......## #.#)..##.....#..<..#..†..## #.#...#......#......#.###.## Turn 7191 on D:6: !bestwep .#.##########.##.# ..#...# #.##.# ..#.#.# #.##.# ..#.#.# ##.##.####### ...##.# #......†....# ..###.# #..##.#####.# ##.##.# #..##.# ....#.######. #.# ....#........ #@# ....#.#####.. #)# .....## #o.....# .†..## #...#### .###.## #.. #.....# #. ......# # #....)## #......# Turn 7404 on D:6: !bestwep ############### ############# #...go........# #...........# #.###########.## #.#########.# ###....>......... #.# ####.###.#.##########.## #.## #.###.....#...# #.## ##..# ####.#......#.#.# #.## #...###.....#.....#.#.# ##.## ####.#[.....#..@...##.# #.... ##.....#.....#..)..###.# #..## #......#......#.###.##.# #..## .#.....#.....###.....#.######. # .#......#.###.#......#........ # .#.....###.....#.....#.#####.. # ..#.###.#.g....#......## #....) ..##.....#..<..#.....## #..g## ..#......#......#.###.## #.. Turn 7715 on D:6: !bestwep ######.....########..........## ZZ......................####..# .####........####.#.#.#.#.#.#.# .[Z.....#..#.# ##.#.#.#.#.#..# .#######.###.# #.#.#.#.#.#.### .# ### #.# ##.#.#.#.#.#.# .# #.# #Z#[#.#.#.#.## .# #.# ###[#.#.#.#.#.# .# #.###@.#)#.#.#.#.## .###### #....>#.#.#.#.#.#.# Z.....## #.####.#.#.#.#.#Z## .......# #.#####.#.#.#.#.#.# #####..# #....#.#.#.#.#.#.## # #..# ##.##.##.#.#.#Z#.#.# #####..# #...#.#####.###.#### .......####>..#.......# #.# #................########Z# Turn 9705 on D:7: !bestwep ## #.. ### #.# ##.# #.. ##Z.# #.# ###Z### #Z# ###..#.# #.## ##.#Z#### . #.@# #Z#ZZ# . #..Z######..######. ##....# ##...##... #..Z.### #Z.Z..... #.##..Z.####....... # ##Z.Z...##....## ##.....ZZ....## ##............ ##........... Turn 19994 on Lair:3: !bestwep

..........#††.†.#..# ###.#..P..##
..........#..†.†#.## ##.###.....#
.........Z#...†.#.# ##..##...#...
.........Z#...†.#.###........#.#.
)........[#######.##...#.....####
..P....................##...## #
###......[...........####...#
#............P#.Z...P.##....### #
................@...##..#...#.###
.................................
......#..........................
..........#....................<.
....P..........................P.
...P...........................#.
.PPP.....))...............<.#....
..........)..................#...
...P...P.........................


Turn 22530 on Lair:4: !bestwep

Levels and vault maps discovered:
D:1:      scummos_arrival_checkerplants, layout_basic,
          shapermc_ecumenical_altar_mp_ritualfount
D:2:      kb_forest_paths, layout_basic, minivault_24,
          minmay_misc_feat_four_crosses, uniq_natasha, uniq_sigmund
D:3:      layout_loops_ring
D:4:      layout_rooms, chequers_temple_overflow_minitemple, uniq_robin
D:5:      gammafunk_wand_slinger, layout_basic, lemuel_another_geyser
D:6:      nicolae_BIG_FREAKIN_CUBE, layout_loops_ring, serial_shops, shop,
          uniq_edmund, uniq_crazy_yiuf_cottage, uniq_pikel
D:7:      layout_loops_ring, minmay_temple_entry_proselytizer,
          serial_bayou_pond_b, minivault_23, guppyfry_shop_venom
D:8:      layout_cave_pods, uniq_harold, uniq_maggie
D:9:      minmay_weird_star, layout_long_grid, mainiacjoe_overflow_divided_tiny,
          due_lair_maze_entry_diamond, serial_glass, glass_columns_a,
          glass_columns_a, minmay_strange_pillars, minmay_strange_pillars,
          minmay_strange_pillars, minmay_strange_pillars, ebering_ghost_xom
D:10:     layout_stronghold, st_stairs_5, amcnicky_mini_pool_small,
          minmay_misc_feat_iff, uniq_erolcha
D:11:     layout_irregular_city, hangedman_weighted_door,
          small_statue_intersection, uniq_psyche
D:12:     layout_gridville, erik_orc_3, serial_shops, shop, minmay_nine_imps
Temple:   eino_temple_scatter_basement
Lair:1:   layout_chaotic_city, grunt_megastairs_4, uniq_grum
Lair:2:   layout_cave_pods, grunt_megastairs_3
Lair:3:   layout_layer_cave
Lair:4:   layout_cave_shapes, minmay_shoals_entry_centaurs,
          minmay_snake_entry_six_corridors, nicolae_volcano_entry_vermiform,
          special_room [special_room_bee], kennysheep_basilisk_garden
Lair:5:   layout_loops_ring, minmay_slime_entry_pillars,
          infiniplex_staircase_pool_2
Lair:6:   wormcave, layout_gridlike, infiniplex_staircase_pool
Orc:1:    layout_caves, uniq_sonja
Orc:2:    st_orc_pillars, layout_caves

Skill      XL: |  1  2  3  4  5  6  7  8  9 10 11 12 13 14 |
---------------+-------------------------------------------+-----
Shields        | 3 4 6 7 8 9 10 | 10.0
Maces & Flails | 3 4 5 7 9 10 11 13 15 16 | 16.0
Fighting       | 4 5 7 8 9 10 11 13 14 | 14.5
Invocations    | 5 8 9 |  9.9
Armour         | 3 5 |  5.3
Evocations     | 4 |  4.6

Action                   |  1- 3 |  4- 6 |  7- 9 | 10-12 | 13-15 || total
-------------------------+-------+-------+-------+-------+-------++-------
Melee: Flail             |    66 |   169 |    49 |     7 |       ||   291
       Tailslap          |     6 |    20 |    32 |   142 |   140 ||   340
       Whip              |       |    13 |   199 |   519 |   177 ||   908
       Morningstar       |       |       |       |   129 |   527 ||   656
 Fire: Hunting sling     |       |       |     2 |       |       ||     2
Throw: Dart              |       |       |     2 |     2 |       ||     4
Invok: Recall Undead Har |       |       |       |     6 |     8 ||    14
       Dark Bargain      |       |       |       |     1 |     8 ||     9
       Bind Soul         |       |       |       |     1 |     2 ||     3
       Drain Life        |       |       |       |       |     7 ||     7
 Abil: Rolling Charge    |    14 |    38 |    30 |    61 |    46 ||   189
Evoke: Wand              |       |     1 |    15 |     6 |     2 ||    24
  Use: Scroll            |       |    10 |     1 |    11 |     8 ||    30
       Potion            |       |     1 |       |       |     9 ||    10
 Stab: Paralysed         |       |       |       |     3 |       ||     3
       Distracted        |       |       |       |     5 |     6 ||    11
Armor: Chain mail        |    35 |   109 |    69 |   191 |   253 ||   657
       Scale mail        |       |       |       |       |    33 ||    33
Dodge: Dodged            |    12 |    42 |    21 |    97 |   126 ||   298
Block: Buckler           |    12 |    45 |    49 |       |       ||   106
       Reflection        |       |     2 |     2 |    14 |     4 ||    22
       Kite shield       |       |       |    59 |   411 |   471 ||   941
       Other             |       |       |     1 |       |       ||     1

Table legend: (Time is in decaauts)
 A = Elapsed time spent in this place.
 B = Non-inter-level travel time spent in this place.
 C = Inter-level travel time spent in this place.
 D = Time resting spent in this place.
 E = Time spent auto-exploring this place.
 F = Levels seen in this place.
 G = Mean time per level.
                   A        B        C        D        E       F      G
               +--------+--------+--------+--------+--------+-----+--------+
         Total |  27803 |  26376 |   1427 |   4264 |  17304 |  22 | 1263.8 |
       Dungeon |  17743 |  16748 |    995 |   2686 |  10900 |  12 | 1478.6 |
        Temple |     48 |     31 |     17 |      0 |     18 |   1 |   48.0 |
          Lair |   8190 |   7796 |    394 |   1002 |   5565 |   6 | 1365.0 |
  Orcish Mines |    932 |    911 |     21 |     21 |    606 |   2 |  466.0 |
       Volcano |    888 |    888 |      0 |    555 |    215 |   1 |  888.0 |
               +--------+--------+--------+--------+--------+-----+--------+

Top non-repeatable levels by time:
     D:9: 1969 daAuts
     D:5: 1879 daAuts
  Lair:6: 1874 daAuts
     D:1: 1741 daAuts
     D:8: 1677 daAuts
    D:11: 1668 daAuts
     D:6: 1546 daAuts
     D:2: 1524 daAuts
  Lair:3: 1427 daAuts
  Lair:2: 1423 daAuts
  Lair:5: 1382 daAuts
    D:10: 1343 daAuts
     D:7: 1331 daAuts
  Lair:4: 1249 daAuts
     D:4: 1084 daAuts
